 Dungeon Crawl Stone Soup version 0.31-a0-636-ge1c0e020e0 (webtiles) character file.

Game seed: 16594206964418315258

23659 AtlasWard the Warrior (level 12, -5/136 HPs)
             Began as a Yellow Draconian Monk on Aug 26, 2023.
             Was a High Priest of Jiyva.
             Succumbed to Nessos's poison
             ... on level 4 of the Lair of Beasts.
             The game lasted 00:41:01 (12024 turns).

AtlasWard the Warrior (Yellow Draconian Monk)      Turns: 12024, Time: 00:41:01

Health: -5/136     AC: 18    Str: 23    XL:     12   Next: 73%
Magic:  12/12      EV: 14    Int: 11    God:    Jiyva [*****.]
Gold:   497        SH:  6    Dex: 15    Spells: 11/11 levels left

rFire   . . .        b - +2 long sword (freeze)
rCold   + + +        C - +0 buckler
rNeg    . . .        (body armour unavailable)
rPois   .            P - +2 hat {Will+}
rElec   .            d - +2 cloak
rCorr   +            l - +0 pair of gloves
SInv    +            I - +1 pair of boots of Lugonu's Approval {Rampage rC++}
Will    +....        (no amulet)
Stlth   ++           e - ring of protection from cold
HPRegen 1.86/turn    m - +6 ring of strength
MPRegen 0.58/turn

%: rampage
@: lethally poisoned (-5 -> -52), calling ooze
A: spit acid, AC +8, unfitting armour, cold-blooded, acid resistance, see
invisible, cold resistance 1, robust 1, eyeballs 2, gelatinous body 2,
translucent skin 2, tendrils
a: Breathe Acid, Renounce Religion, Oozemancy, Slimify


You were on level 4 of the Lair of Beasts.
You worshipped Jiyva.
Jiyva was extremely pleased with you.
You visited 2 branches of the dungeon, and saw 15 of its levels.
You also visited: Ossuary and Bailey.

You collected 497 gold pieces.

Inventory:

Hand Weapons
 a - a +1 dagger of venom
 b - a +2 long sword of freezing (weapon)
 H - a +3 morningstar
 J - a +1 short sword of speed
 M - a +0 broad axe
Missiles
 t - 13 poisoned darts (quivered)
 w - a throwing net
Armour
 d - a +2 cloak (worn)
 l - a +0 pair of gloves (worn)
 C - a +0 buckler (worn)
 I - the +1 pair of boots of Lugonu's Approval (worn) {Rampage rC++}
   (You found it on level 9 of the Dungeon)

   rC++:      It greatly protects you from cold.
   Rampage:   It bestows one free step when moving towards enemies.
 P - a +2 hat of willpower (worn)
Jewellery
 c - a +6 ring of intelligence
 e - a ring of protection from cold (left hand)
 m - a +6 ring of strength (right hand)
 r - the amulet of Mirth {*Slow Will+ Regen+ Str+7 Dex+3}
   (You took it off a goblin on level 4 of the Dungeon)

   [amulet of regeneration]

   Str+7:     It affects your strength (+7).
   Dex+3:     It affects your dexterity (+3).
   Will+:     It increases your willpower.
   Regen+:    It increases your rate of health regeneration.
   *Slow:     It may slow you when you take damage.
 B - a ring of magical power
 L - an amulet of regeneration
 O - a ring of ice
Wands
 E - a wand of charming (14)
 G - a wand of polymorph (4)
 K - a wand of mindburst (7)
Scrolls
 f - 3 scrolls of teleportation
 h - 6 scrolls of amnesia
 i - a scroll of immolation
 n - 5 scrolls of enchant weapon
 o - a scroll of brand weapon
 s - 2 scrolls of poison
 u - 4 scrolls of vulnerability
 y - 3 scrolls of enchant armour
Potions
 g - 5 potions of curing
 j - a potion of resistance
 k - 3 potions of heal wounds
 p - a potion of enlightenment
 q - a potion of ambrosia
 v - a potion of lignification {unknown}
 x - 2 potions of degeneration {unknown}
 z - 3 potions of attraction {unknown}
 A - 2 potions of mutation {unknown}
 D - 6 potions of haste {unknown}
 F - a potion of brilliance {unknown}
 N - a potion of might {unknown}


   Skills:
 + Level 16.8 Fighting
 - Level 11.0(11.8) Short Blades
 * Level 6.9(9.8) Long Blades
 - Level 2.6 Dodging
 - Level 9.0 Shields


You had 11 spell levels left.
You didn't know any spells.
Your spell library contained the following spells:

 Spells                   Type           Power      Damage    Failure   Level
 Static Discharge         Conj/Air       0%         2-2/arc   52%         2
 Dazzling Flash           Conj/Hex       0%         N/A       77%         3
 Gell's Gravitas          Tloc           0%         N/A       77%         3
 Teleport Other           Tloc           0%         N/A       77%         3
 Volatile Blastmotes      Fire/Tloc      0%         2d10      77%         3
 Airstrike                Air            0%         2d(0-16)  99%         4
 Cause Fear               Hex            0%         N/A       99%         4
 Fulminant Prism          Conj/Hex       0%         3d5       99%         4
 Iskenderun's Mystic Bla  Conj/Tloc      0%         2d3       99%         4
 Summon Lightning Spire   Summ/Air       0%         N/A       99%         4
 Fireball                 Conj/Fire      0%         3d3       100%        5
 Dispersal                Tloc           0%         N/A       100%        6
 Starburst                Conj/Fire      0%         6d3       100%        6
 Maxwell's Capacitive Co  Air            0%         ∞         100%        8
 Dragon's Call            Summ           0%         N/A       100%        9


Dungeon Overview and Level Annotations

Branches:
Dungeon (11/15)            Temple (0/1) D:7            Lair (4/5) D:11
  Swamp (0/4) Lair:2       Spider (0/4) Lair:3          Orc (0/2) D:10
Ossuary (visited)          Bailey (visited)
  Slime: Lair:4-5

Altars:
Ashenzari
Dithmenos
Gozag
Hepliaklqana
Sif Muna
Trog
Uskayaw
Vehumet
Wu Jian
Yredelemnul
The Shining One
Jiyva
Lugonu

Portals:
Abyss: Lair:2

Annotations:
D:9 2 transporters, bobarctor's ghost, novice DsNe
Lair:4 Kirke; Nessos


Innate Abilities, Weirdness & Mutations

You can spit globs of acid.
Your golden yellow scales are hard. (AC +8)
You cannot fit into any form of body armour.
You are cold-blooded and may be slowed by cold attacks.
You are resistant to acid. (rCorr)
You have supernaturally acute eyesight. (SInv)
Your flesh is cold resistant. (rC+)
You are robust. (+10% HP)
Your body has grown many eyes which may confuse attackers. (Acc +5)
Your pliable body absorbs attacks. (AC +2, EV +2)
Your translucent skin reduces your foes' accuracy. (Stealth+)
You are covered in slimy tendrils that may disarm your opponents.


Message History

The arrow burns you.
You are poisoned.
Kirke, Weaver of Myths comes into view.
The wall burns Nessos!
Nessos shoots an arrow.
The arrow hits you! The arrow burns you.
You are more poisoned.
Unknown command.
Press: ? - help, v - describe, . - travel
Here: Kirke (wandering, hasn't noticed you)
The floor.
You feel extremely sick.
The wall burns Nessos!
Nessos shoots an arrow.
The arrow hits you but does no damage.
The wall burns Nessos!
Nessos casts a spell.
Nessos blinks!
The walls burn Nessos!
Nessos shoots an arrow.
The arrow hits you! The arrow burns you!
You are more poisoned.
You hear an angry squeal.
You feel extremely sick.
The walls burn Nessos!
Nessos mumbles some strange words.
Nessos blinks!
You feel extremely sick.
Nessos shoots an arrow.
The arrow hits you! The arrow burns you.
You are more poisoned.
Nessos casts a spell.
Nessos blinks!
You feel extremely sick.
The walls burn Nessos!
Nessos shoots an arrow.
The arrow closely misses you.
The walls burn Nessos!
Nessos casts a spell.
Nessos blinks!
The wall burns Nessos!
Nessos shoots an arrow.
The arrow hits you!!
* * * LOW HITPOINT WARNING * * *
The arrow burns you!
You are more poisoned.
* * * LOW HITPOINT WARNING * * *
You hear an angry squeal.
Unknown command.
You die...

...#
##..#.#P@.P##.....P.....
..P#
#.........c§....PP.....
..+. ##...###..PPP.#...
#.....##....P# ..# ##
##...P##....## #)# #..
#..####..<..###'## #..
##.####†...........
###..P#.####.#...........
........@................
..##.P#....#.####.#P#...#
########### ######P## ###


There were no monsters in sight!

Vanquished Creatures
  Gastronok (Lair:3)
  Josephine (Lair:4)
  Fannar (Lair:2)
  Erolcha (D:10)
  A hydra (Lair:4)
  3 two-headed ogres
  A boulder beetle (D:11)
  Amaemon (Lair:3)
  A skyshark (Lair:3)
  An ugly thing (D:11)
  An orc knight (Bailey)
  2 black mambas
  An orange demon (Lair:3)
  3 cane toads (Lair:1)
  An unseen horror zombie (D:7)
  7 komodo dragons
  A kobold demonologist (D:10)
  2 trolls (D:11)
  2 polar bears
  A jumping spider (Lair:3)
  6 wraiths
  A shadow (D:5)
  A wyvern (Lair:2)
  12 yaks
  3 basilisks
  3 vampire mosquitoes (D:10)
  2 acid dragons
  13 water moccasins
  7 orc warriors
  An ice beast (D:6)
  A sky beast (D:6)
  2 black bears
  2 wolves (Lair:4)
  4 centaurs
  A kobold brigand (D:6)
  5 elf zombies (Ossuary)
  17 bullfrogs
  3 necrophages (D:7)
  A wyvern zombie (D:7)
  4 scorpions
  13 wights
  A water moccasin zombie (D:7)
  20 killer bees
  2 howler monkeys
  An electric eel (Lair:2)
  A bullfrog zombie (D:7)
  5 centaur zombies
  5 human zombies
  2 gnoll boudas
  3 orc priests
  3 hounds
  A sleepcap (D:6)
  7 orc wizards
  3 iguanas
  5 hell rats
  3 mummies (Ossuary)
  18 gnolls
  5 adders
  A shadow imp (D:6)
  A white imp (D:6)
  3 ufetubi (D:4)
  A worm (D:2)
  2 dart slugs
  46 orcs
  3 endoplasms
  2 giant cockroaches
  3 hobgoblins (D:1)
  13 kobolds
  A quokka (D:4)
  2 ball pythons
  3 bats
  A frilled lizard (D:2)
  11 goblins
  2 rats (D:2)
  A lurking horror (Lair:2)
316 creatures vanquished.

Vanquished Creatures (others)
  An unseen horror (D:10)
  A hornet (D:11)
  A slime creature (Lair:3)
  A golden eye (D:10)
  An ice beast (D:2)
  A howler monkey (D:8)
  24 jellies
  2 iguanas
  A sleepcap (D:6)
  2 gnolls (D:2)
  An adder (D:5)
  An ufetubus (D:6)
  A dart slug (D:2)
  2 endoplasms
  5 orcs
  A goblin (D:2)
  2 hobgoblins
  2 kobolds (D:6)
  A lurking horror (Lair:2)
51 creatures vanquished.

Grand Total: 367 creatures vanquished

Notes
Turn   | Place    | Note
-------+----------+-------------------------------------------
     0 | D:1      | AtlasWard the Draconian Monk began the quest for the Orb.
     0 | D:1      | Reached XP level 1. HP: 19/19 MP: 1/1
   509 | D:1      | Reached XP level 2. HP: 26/26 MP: 2/2
   901 | D:2      | Noticed a great orb of eyes
   922 | D:2      | Found a faded altar of an unknown god.
  1008 | D:2      | Noticed a golden eye
  1012 | D:2      | Noticed an eye of devastation
  1012 | D:2      | Noticed a great orb of eyes
  1072 | D:2      | Prayed at the altar of an unknown god.
  1072 | D:2      | Became a worshipper of Jiyva Jamompib the Shapeless
  1072 | D:2      | Reached * piety under Jiyva
  1072 | D:2      | Reached ** piety under Jiyva
  1134 | D:2      | Reached *** piety under Jiyva
  1163 | D:1      | Reached XP level 3. HP: 18/33 MP: 3/3
  1496 | D:3      | Reached skill level 4 in Fighting
  1512 | D:2      | Reached XP level 4. HP: 37/40 MP: 4/4
  1542 | D:3      | Noticed an ice beast
  1575 | D:2      | Killed an ice beast
  1654 | D:3      | Found an opulent altar of Gozag.
  1781 | D:3      | Gained mutation: Your flesh is cold resistant. (rC+)
                  | [Jiyva's grace]
  1781 | D:3      | Gained mutation: Your flesh is very cold resistant. (rC++)
                  | [Jiyva's grace]
  1781 | D:3      | Gained mutation: Your flesh is almost immune to the effects
                  | of cold. (rC+++) [Jiyva's grace]
  1781 | D:3      | Gained mutation: Armour fits poorly on your pseudopods.
                  | [Jiyva's grace]
  1898 | D:3      | Reached **** piety under Jiyva
  2147 | D:4      | Found a shimmering blue altar of Sif Muna.
  2316 | D:4      | Reached skill level 5 in Short Blades
  2316 | D:4      | Reached XP level 5. HP: 41/47 MP: 5/5
  2393 | D:4      | Found a broken altar of Ashenzari.
  2449 | D:4      | Found a bloodstained altar of Trog.
  2464 | D:4      | Reached skill level 5 in Fighting
  2549 | D:4      | Found a hide-covered altar of Uskayaw.
  2601 | D:4      | Reached ***** piety under Jiyva
  2717 | D:4      | Identified the amulet of Mirth {*Slow Will+ Regen+ Str+7
                  | Dex+3}
  2757 | D:5      | Entered Level 5 of the Dungeon
  2764 | D:5      | Reached XP level 6. HP: 56/56 MP: 6/6
  2916 | D:5      | Gained mutation: You are robust. (+10% HP) [Jiyva's grace]
  2916 | D:5      | Gained mutation: You are very robust. (+20% HP) [Jiyva's
                  | grace]
  2916 | D:5      | Gained mutation: You are extremely robust. (+30% HP)
                  | [Jiyva's grace]
  2916 | D:5      | Gained mutation: You are somewhat resistant to further
                  | mutation. [Jiyva's grace]
  3006 | D:5      | Found an ornate altar of the Wu Jian Council.
  3278 | D:5      | Your scales start taking on a golden yellow colour.
  3278 | D:5      | Reached XP level 7. HP: 80/80 MP: 7/7
  3278 | D:5      | Gained mutation: You are resistant to acid. (rCorr) [Yellow
                  | Draconian growth]
  3644 | D:5      | Found a radiant altar of Vehumet.
  3781 | D:5      | Identified the +3 scale mail of the Engineer {Will+ Str-2
                  | Int+3 Dex+4}
  3904 | D:6      | Reached skill level 6 in Fighting
  3963 | D:6      | Noticed a shadow
  3972 | D:6      | Noticed a wraith
  4013 | D:5      | Killed a wraith
  4014 | D:5      | Killed a shadow
  4015 | D:5      | Reached skill level 7 in Fighting
  4015 | D:5      | Reached XP level 8. HP: 55/94 MP: 6/8
  4152 | D:6      | Found a glowing golden altar of the Shining One.
  4157 | D:6      | Reached skill level 8 in Fighting
  4223 | D:6      | Found a sand-covered staircase.
  4228 | Ossuary  | Entered an ossuary
  4284 | Ossuary  | Reached skill level 9 in Fighting
  4419 | Ossuary  | Reached skill level 10 in Fighting
  4521 | Ossuary  | Reached XP level 9. HP: 111/111 MP: 9/9
  4895 | D:7      | Reached skill level 11 in Fighting
  4932 | D:7      | Found a flagged portal.
  4964 | Bailey   | Entered a bailey
  5205 | Bailey   | Reached skill level 12 in Fighting
  5259 | Bailey   | Noticed an orc knight
  5277 | Bailey   | Killed an orc knight
  5407 | D:7      | Reached skill level 13 in Fighting
  5418 | D:7      | Lost mutation: You are somewhat resistant to further
                  | mutation. [Jiyva's grace]
  5418 | D:7      | Lost mutation: You are extremely robust. (+30% HP) [Jiyva's
                  | grace]
  5418 | D:7      | Lost mutation: Armour fits poorly on your pseudopods.
                  | [Jiyva's grace]
  5418 | D:7      | Gained mutation: Your body has grown eyes which may confuse
                  | attackers. (Acc +3) [Jiyva's grace]
  5418 | D:7      | Gained mutation: Your body has grown many eyes which may
                  | confuse attackers. (Acc +5) [Jiyva's grace]
  5418 | D:7      | Gained mutation: Your body is covered in eyes which may
                  | confuse attackers. (Acc +7, SInv) [Jiyva's grace]
  5418 | D:7      | Gained mutation: You are resistant to electric shocks.
                  | (rElec) [Jiyva's grace]
  5532 | D:6      | Reached skill level 1 in Shields
  5819 | D:7      | Reached XP level 10. HP: 121/121 MP: 10/10
  5836 | D:7      | Found a basalt altar of Yredelemnul.
  6057 | D:7      | Found a staircase to the Ecumenical Temple.
  6320 | D:8      | Noticed a two-headed ogre
  6332 | D:8      | Killed a two-headed ogre
  7019 | D:9      | Reached skill level 14 in Fighting
  7026 | D:9      | Identified the +1 pair of boots of Lugonu's Approval
                  | {Rampage rC++}
  7219 | D:9      | Noticed a two-headed ogre
  7222 | D:9      | Killed a two-headed ogre
  7223 | D:9      | Reached skill level 5 in Shields
  7281 | D:9      | Reached ****** piety under Jiyva
  7542 | D:9      | Found a transporter.
  7544 | D:9      | Found a transporter.
  7545 | D:9      | Noticed bobarctor's ghost (novice DsNe)
  7546 | D:9      | Noticed a two-headed ogre
  7546 | D:9      | Identified the +8 giant club of the Fool {holy, rCorr
                  | Int+4}
  7546 | D:9      | Identified the +8 dire flail of the Lamprey {freeze, rN+
                  | Str-5 Dex+3 SInv}
  7546 | D:9      | Noticed a two-headed ogre
  7549 | D:9      | Noticed a two-headed ogre
  7550 | D:9      | Noticed a two-headed ogre
  7713 | D:10     | Entered Level 10 of the Dungeon
  7741 | D:10     | Reached XP level 11. HP: 133/133 MP: 11/11
  7806 | D:10     | Found a staircase to the Orcish Mines.
  7855 | D:10     | Reached skill level 10 in Short Blades
  8023 | D:10     | Noticed Erolcha
  8025 | D:10     | Killed Erolcha
  8205 | D:10     | Found a hazy altar of Hepliaklqana.
  8205 | D:10     | Lost mutation: Your flesh is almost immune to the effects
                  | of cold. (rC+++) [Jiyva's grace]
  8205 | D:10     | Lost mutation: Your body is covered in eyes which may
                  | confuse attackers. (Acc +7, SInv) [Jiyva's grace]
  8205 | D:10     | Gained mutation: You passively dampen the noise of your
                  | surroundings. [Jiyva's grace]
  8205 | D:10     | Gained mutation: Your melee attacks may engulf your foes in
                  | ooze. [Jiyva's grace]
  8205 | D:10     | Gained mutation: Your translucent skin slightly reduces
                  | your foes' accuracy. (Stealth+) [Jiyva's grace]
  8205 | D:10     | Gained mutation: Your translucent skin reduces your foes'
                  | accuracy. (Stealth+) [Jiyva's grace]
  8253 | D:10     | You fall into a shaft and drop 1 floor!
  8350 | D:11     | Noticed a boulder beetle
  8373 | D:11     | Killed a boulder beetle
  8555 | D:11     | Found a staircase to the Lair.
  8566 | D:11     | Noticed a purple ugly thing
  8566 | D:11     | Noticed a two-headed ogre
  8584 | D:11     | Killed a two-headed ogre
  8587 | D:11     | Killed a purple ugly thing
  8599 | D:11     | Reached skill level 15 in Fighting
  8627 | Lair:1   | Entered Level 1 of the Lair of Beasts
  9725 | Lair:2   | Reached XP level 12. HP: 141/146 MP: 12/12
  9811 | Lair:2   | Lost mutation: Your flesh is very cold resistant. (rC++)
                  | [Jiyva's grace]
  9811 | Lair:2   | Lost mutation: You are very robust. (+20% HP) [Jiyva's
                  | grace]
  9811 | Lair:2   | Lost mutation: You are resistant to electric shocks.
                  | (rElec) [Jiyva's grace]
  9811 | Lair:2   | Lost mutation: Your melee attacks may engulf your foes in
                  | ooze. [Jiyva's grace]
  9811 | Lair:2   | Lost mutation: You passively dampen the noise of your
                  | surroundings. [Jiyva's grace]
  9811 | Lair:2   | Gained mutation: You have supernaturally acute eyesight.
                  | (SInv) [Jiyva's grace]
  9811 | Lair:2   | Gained mutation: You are covered in slimy tendrils that may
                  | disarm your opponents. [Jiyva's grace]
  9811 | Lair:2   | Gained mutation: Your rubbery body absorbs attacks. (AC +1,
                  | EV +1) [Jiyva's grace]
  9811 | Lair:2   | Gained mutation: Your pliable body absorbs attacks. (AC +2,
                  | EV +2) [Jiyva's grace]
  9820 | Lair:2   | Found a corrupted altar of Lugonu.
  9820 | Lair:2   | Found a one-way gate to the infinite horrors of the Abyss.
 10221 | Lair:2   | Reached skill level 16 in Fighting
 10375 | Lair:2   | Found a staircase to the Swamp.
 10519 | Lair:2   | Reached skill level 1 in Long Blades
 10613 | Lair:3   | Noticed Gastronok
 10733 | Lair:3   | Found a shadowy altar of Dithmenos.
 10795 | Lair:3   | Found a hole to the Spider Nest.
 11202 | Lair:3   | Noticed Fannar
 11203 | Lair:3   | Noticed Amaemon
 11242 | Lair:2   | Killed Fannar
 11365 | Lair:3   | Killed Amaemon
 11464 | Lair:3   | Reached skill level 5 in Long Blades
 11790 | Lair:3   | Killed Gastronok
 11869 | Lair:4   | Noticed a six-headed hydra
 11921 | Lair:4   | Noticed Nessos
 11948 | Lair:4   | Noticed Josephine
 11952 | Lair:4   | Noticed a five-headed hydra
 11958 | Lair:4   | Killed Josephine
 11977 | Lair:4   | Killed a five-headed hydra
 12019 | Lair:4   | Noticed Kirke
 12024 | Lair:4   | Succumbed to Nessos's poison

Illustrated notes

Levels and vault maps discovered:
D:1:      dpeg_arrival_line_fractal, layout_basic
D:2:      layout_rooms, hellmonk_ecumenical_altar_watching_god
D:3:      layout_basic, grunt_gozag_breadcrumbs
D:4:      layout_gridville, led_sif_pool, mainiacjoe_overflow_chevrons,
          lemuel_round_altar, evilmike_ruin_ashenzari,
          chequers_serial_rivers_micro_d
D:5:      layout_basic, lemuel_round_altar, old_standard_altar
D:6:      layout_cave_pools, general_overflow_altar, enter_ossuary_2,
          minmay_circle_x
D:7:      layout_cave_pools, lemuel_mausoleum_altar_yredelemnul,
          minmay_temple_entry_poolview, enter_bailey_5
D:8:      layout_basic
D:9:      nicolae_cairo_tiling, layout_rooms, gammafunk_ghost_smash,
          chequers_garden
D:10:     layout_loops_ring, lemuel_doored_altar, david_orc_2, uniq_erolcha
D:11:     layout_roguey, lair_entry_dummy, uniq_harold
Lair:1:   layout_loops_ring, grunt_megastairs_4, serial_bayou_shore_a,
          lemuel_fruit_tree, infiniplex_staircase_pool_2
Lair:2:   layout_regular_city, minmay_swamp_entry_eels, minivault_19,
          chequers_serial_rivers_small_3, amcnicky_altar_lugonu_corruption
Lair:3:   layout_gridlike, spider_nest_entry_a, basic_altar,
          serial_bayou_shore_b, uniq_fannar, uniq_amaemon, uniq_gastronok
Lair:4:   layout_regular_city, uniq_kirke, uniq_nessos, uniq_josephine

Skill      XL: |  1  2  3  4  5  6  7  8  9 10 11 12 |
---------------+-------------------------------------+-----
Short Blades   | 4 5 6 8 9 11 | 11.0
Fighting       | 4 5 7 10 13 14 15 16 | 16.8
Shields        | 2 5 8 9 |  9.0
Long Blades    | 6 |  6.9
Dodging        | |  2.6

Action                     |  1- 3 |  4- 6 |  7- 9 | 10-12 || total
---------------------------+-------+-------+-------+-------++-------
  Melee: Short sword       |   102 |    64 |   300 |   298 ||   764
         Tailslap          |    25 |    40 |   153 |   274 ||   492
         Pseudopods        |       |    40 |   171 |       ||   211
         Dagger            |       |   106 |   280 |   921 ||  1307
         Long sword        |       |       |       |    29 ||    29
  Throw: Dart              |       |     9 |       |     7 ||    16
 Invoke: Oozemancy         |       |       |     3 |     3 ||     6
         Slimify           |       |       |       |     2 ||     2
Ability: Breathe Acid      |       |       |     5 |     7 ||    12
    Use: Scroll            |       |       |     8 |     6 ||    14
         Potion            |       |       |     1 |       ||     1
   Stab: Confused          |       |       |     4 |    53 ||    57
         Sleeping          |       |       |     1 |    10 ||    11
 Armour: Skin              |    17 |    37 |   146 |   249 ||   449
  Dodge: Dodged            |    58 |    82 |   187 |   433 ||   760
  Block: Buckler           |       |       |    10 |   197 ||   207

Table legend: (Time is in decaauts)
 A = Elapsed time spent in this place.
 B = Non-inter-level travel time spent in this place.
 C = Inter-level travel time spent in this place.
 D = Time resting spent in this place.
 E = Time spent auto-exploring this place.
 F = Levels seen in this place.
 G = Mean time per level.
                   A        B        C        D        E       F      G
               +--------+--------+--------+--------+--------+-----+--------+
         Total |  11182 |  10573 |    609 |     54 |   7677 |  17 |  657.8 |
       Dungeon |   7460 |   7100 |    360 |     34 |   5308 |  11 |  678.2 |
          Lair |   3192 |   2943 |    249 |     20 |   2100 |   4 |  798.0 |
       Ossuary |    175 |    175 |      0 |      0 |     63 |   1 |  175.0 |
        Bailey |    353 |    353 |      0 |      0 |    206 |   1 |  353.0 |
               +--------+--------+--------+--------+--------+-----+--------+

Top non-repeatable levels by time:
     D:5: 1154 daAuts
  Lair:3: 1097 daAuts
  Lair:2: 1079 daAuts
     D:1: 923 daAuts
  Lair:1: 918 daAuts
     D:8: 783 daAuts
     D:7: 727 daAuts
     D:4: 685 daAuts
     D:9: 674 daAuts
    D:10: 602 daAuts
     D:6: 595 daAuts
     D:3: 571 daAuts
     D:2: 545 daAuts
  Bailey: 353 daAuts
    D:11: 199 daAuts
